cohdb
Replays
Latest Replays
All Replays
Popular Replays
Top Player Replays
Match Explorer
How It Works
Community
CoH3 Stats
Reddit
Sign in to upload your games and track your stats! →
Sign in with Steam
Match 45693596
Unlisted
Match 45693596
Overview
Messages
Build Orders
End
Engineer Squad
Construct Barracks
Selects Advanced Infantry Battlegroup
Riflemen Squad
Riflemen Squad
Riflemen Squad
Selects Convert to Ranger Squad
Infantry Support Center
Construct Weapon Support Center
Construct Weapon Support Center
M3 Armored Personnel Carrier
Selects Frontline Medical Station
Frontline Medical Station
Convert to Ranger Squad
Selects Ammunition Storage
Advanced Logistics
Bazooka Squad
Selects M2A1 105mm Howitzer Emplacement
Convert to Ranger Squad
Captain Retinue
Selects Ranger Weapon Training
Skeng.Tecnica.International
Rather Splendid Cromwell
N7 SHARK
CaptainProlo
Corona With a Lime
frostie
0
0
Comments
sign in to comment!
No comments posted yet!